 Dungeon Crawl Stone Soup version 0.29.1-12-g30fa7ad0bf (webtiles) character file.

Game seed: 5514943385106859453

64 sneakypete the Chopper (level 3, -2/28 HPs)
             Began as a Demonspawn Gladiator on Jan 12, 2023.
             Was a Follower of Nemelex Xobeh.
             Slain by a gnoll
             ... wielding a +0 spear
              (5 damage)
             ... on level 4 of the Dungeon.
             The game lasted 00:11:15 (1760 turns).

sneakypete the Chopper (Demonspawn Gladiator)       Turns: 1760, Time: 00:11:15

Health: -2/28      AC: 10    Str: 16    XL:     3   Next: 91%
Magic:  3/3        EV:  7    Int: 15    God:    Nemelex Xobeh [*.....]
Gold:   38         SH:  0    Dex: 14    Spells: 2/2 levels left

rFire   . . .      SeeInvis .   a - +0 war axe
rCold   . . .      Faith    .   (no shield)
rNeg    . . .      Spirit   .   m - +0 chain mail
rPois   .          Reflect  .   c - +0 helmet
rElec   .          Harm     .   (no cloak)
rCorr   .          Rampage  .   o - +0 pair of gloves
Will    .....                   (no boots)
Stlth   ..........              (no amulet)
HPRegen 0.09/turn               l - +6 ring of intelligence
MPRegen 0.16/turn               (no ring)

@: attractive
A: magic regeneration
a: Renounce Religion, Draw Escape, Draw Destruction, Draw Summoning


You were on level 4 of the Dungeon.
You worshipped Nemelex Xobeh.
Nemelex Xobeh was aware of your devotion.
You visited 1 branch of the dungeon, and saw 3 of its levels.

You collected 38 gold pieces.

Inventory:

Hand Weapons
 a - a +0 war axe (weapon)
Missiles
 d - 3 throwing nets (quivered)
 e - 6 javelins
Armour
 b - a +0 leather armour
 c - a +0 helmet (worn)
 h - a +0 ring mail
 i - a +0 scale mail
 m - a +0 chain mail (worn)
 n - a +0 scale mail
 o - a +0 pair of gloves (worn)
Jewellery
 l - a +6 ring of intelligence (left hand)
Scrolls
 g - 2 scrolls of identify {unknown}
Potions
 f - a potion of might {unknown}
 k - a potion of curing {unknown}


   Skills:
 + Level 2.4 Fighting
 + Level 3.6 Axes
 + Level 1.9 Throwing
 + Level 0.8 Armour
 + Level 3.0 Dodging
 + Level 0.4 Stealth


You had 2 spell levels left.
You didn't know any spells.
Your spell library was empty.

Dungeon Overview and Level Annotations

Branches:
Dungeon (4/15)
 Temple: D:4-7

Altars:
Nemelex Xobeh

Shops:
D:2 *


Innate Abilities, Weirdness & Mutations

You regenerate magic rapidly.


Message History

You see here an iguana corpse.
Found 12 gold pieces.
Found an escape hatch in the ceiling.
A kobold and a gnoll come into view.
Found a stone staircase leading up.
The kobold shouts!
The gnoll shouts!
You hear a shout! x2
A gnoll comes into view. It is wielding a +0 flail. x2
The gnoll shouts!
A gnoll comes into view. It is wielding a +0 spear.
The kobold throws a stone.
The stone closely misses you.
The kobold throws a stone.
The stone hits you but does no damage. The gnoll barely misses you.
You barely miss the gnoll. The gnoll hits you but does no damage.
You closely miss the gnoll. You hit the kobold.
You kill the kobold!
The gnoll hits you with a +0 flail.
You slash the gnoll!
The gnoll is heavily wounded.
The gnoll hits you with a +0 flail.
You hit the gnoll but do no damage.
The gnoll hits you from afar with a +0 spear!
You closely miss the gnoll. The gnoll barely misses you.
A goblin comes into view. It is wielding a +0 club.
The goblin shouts!
You hit the gnoll but do no damage.
The gnoll hits you from afar with a +0 spear.
The gnoll hits you but does no damage.
The gnoll hits you from afar with a +0 spear.
The gnoll hits you but does no damage. The gnoll hits you with a +0 flail.
* * * LOW HITPOINT WARNING * * *
It was a potion of attraction.
You feel attractive to monsters.
The gnoll hits you from afar with a +0 spear.
* * * LOW HITPOINT WARNING * * *
The gnoll hits you but does no damage. The gnoll barely misses you.
The gnoll closely misses you. The goblin is attracted toward you.
You closely miss the gnoll. x2; You barely miss the gnoll.
The gnoll hits you from afar with a +0 spear.
You die...
Your body disappears without a glow.

.. #####
#.########...#
#........#...#
#........#)(.#
#........#..>##
.........†....#
.#.......#....#
##.§gg@##...##
#...gg######
+?..$g.....#
#.........g..
#.........gg.
#.....$.......
#......<......
#............#
##......#...<#


You could see 4 gnolls and a goblin.

Vanquished Creatures
  An iguana (D:4)
  3 dart slugs (D:1)
  4 bats
  An endoplasm (D:1)
  4 giant cockroaches (D:1)
  2 hobgoblins (D:1)
  2 jackals (D:1)
  5 kobolds
  3 quokkas
  2 ball pythons
  A frilled lizard (D:1)
  2 rats (D:1)
30 creatures vanquished.

Notes
Turn   | Place    | Note
-------+----------+-------------------------------------------
     0 | D:1      | sneakypete the Demonspawn Gladiator began the quest for the
                  | Orb.
     0 | D:1      | Reached XP level 1. HP: 16/16 MP: 1/1
   151 | D:1      | Gained mutation: You regenerate magic rapidly. [demonic
                  | ancestry]
   151 | D:1      | Reached XP level 2. HP: 20/22 MP: 2/2
   999 | D:1      | Reached XP level 3. HP: 27/27 MP: 3/3
  1015 | D:1      | Found a faded altar of an unknown god.
  1118 | D:1      | Prayed at the altar of an unknown god.
  1118 | D:1      | Became a worshipper of Nemelex Xobeh the Trickster
  1118 | D:1      | Reached * piety under Nemelex Xobeh
  1424 | D:2      | Found Ahos's Assorted Antiques.
  1724 | D:2      | You fall into a shaft and drop 2 floors!
  1760 | D:4      | Slain by a gnoll

Illustrated notes

Levels and vault maps discovered:
D:1:      lightli_arrival_maybe_door_vault, layout_loops_ring,
          hellmonk_ecumenical_altar_defaced_shrine, minmay_heptomino_o4
D:2:      layout_basic, serial_shops, nicolae_shop_window_shopping
D:4:      layout_gridville, gammafunk_temple_overflow_pools, old_standard_altar,
          dk_noncrumbling_4

Skill      XL: |  1  2 |
---------------+-------+-----
Axes           | 3 |  3.6
Dodging        | 3 |  3.0
Fighting       | |  2.4
Throwing       | |  1.9
Armour         | |  0.8
Stealth        | |  0.4

Action                   || total
-------------------------++-------
Melee: War axe           ||    89
       Punch             ||     1
  Use: Potion            ||     1
 Stab: Sleeping          ||     1
Armor: Leather armour    ||    15
       Chain mail        ||    44
Dodge: Dodged            ||    53
